 Dungeon Crawl Stone Soup version 0.28-a0-704-g4d584c6bc1 (webtiles) character file.

Game seed: 16419045054394333423

13536 Lekart the Blocker (level 11, -3/95 HPs)
             Began as a Grey Draconian Fighter on Oct 24, 2021.
             Was a Plaything of Xom.
             Slain by an ice devil (23 damage)
             ... on level 12 of the Dungeon.
             The game lasted 00:25:39 (11927 turns).

Lekart the Blocker (Grey Draconian Fighter)        Turns: 11927, Time: 00:25:39

Health: -3/95      AC: 13    Str: 27      XL:     11   Next: 76%
Magic:  11/11      EV: 14    Int:  9      God:    Xom [..*...]
Gold:   586        SH: 12    Dex:  9 (10) Spells: 10/10 levels left

rFire   . . .      SeeInvis +   w - +6 trident
rCold   . . .      Faith    .   F - +0 kite shield
rNeg    . . .      Spirit   .   (armour unavailable)
rPois   +          Reflect  .   (helmet restricted)
rElec   .          Harm     .   (no cloak)
rCorr   +          Rampage  .   (no gloves)
Will    +....      Clarity  +   B - +0 pair of boots
Stlth   +.........              s - amulet of Pantheism {Regen+ rCorr Str+5}
HPRegen 1.25/turn               o - ring of willpower
MPRegen 0.12/turn               k - ring of poison resistance

@: no status effects
A: AC +12, amphibious, unfitting armour, cold-blooded, see invisible, clarity,
deterioration 1
a: Renounce Religion


You were on level 12 of the Dungeon.
You worshipped Xom.
You were a toy of Xom.
You visited 2 branches of the dungeon, and saw 13 of its levels.

You collected 729 gold pieces.
You spent 143 gold pieces at shops.

Inventory:

Hand Weapons
 a - a +1 long sword of chaos
 m - a +0 short sword of flaming
 w - a +6 trident (weapon)
Missiles
 t - 3 throwing nets (quivered)
Armour
 B - a +0 pair of boots (worn)
 F - a +0 kite shield (worn)
Jewellery
 e - a ring of willpower
 k - a ring of poison resistance (right hand)
 l - a ring of protection from fire
 o - a ring of willpower (left hand)
 s - the amulet of Pantheism (around neck) {Regen+ rCorr Str+5}
   (You found it on level 7 of the Dungeon)

   [amulet of regeneration]

   Str:       It affects your strength (+5).
   Regen:     It increases your rate of health regeneration.
   rCorr:     It protects you from acid and corrosion.
 A - a ring of flight
Wands
 f - a wand of flame (30)
 v - a wand of iceblast (5)
 x - a wand of mindburst (14)
 C - a wand of paralysis (12)
 D - a wand of charming (8)
Scrolls
 b - a scroll of fog
 c - 3 scrolls of identify
 d - a scroll of brand weapon
 g - a scroll of enchant armour
 q - 5 scrolls of vulnerability
 r - 6 scrolls of teleportation
 y - a scroll of silence
 z - a scroll of summoning
Potions
 h - 6 potions of curing
 i - 2 potions of flight
 j - 2 potions of heal wounds
 n - 2 potions of might
 p - a potion of magic
 u - 2 potions of resistance
Miscellaneous
 E - a phantom mirror (inert)


   Skills:
 + Level 8.7 Fighting
 + Level 4.9 Long Blades
 + Level 9.1 Dodging
 + Level 14.5 Shields


You had 10 spell levels left.
You didn't know any spells.
Your spell library contained the following spells:

 Spells                   Type           Power      Damage    Failure   Level
 Animate Skeleton         Necr           0%         N/A       38%         1
 Pain                     Necr           0%         1d4       38%         1
 Shock                    Conj/Air       0%         1d3       38%         1
 Ensorcelled Hibernation  Hex/Ice        0%         N/A       54%         2
 Static Discharge         Conj/Air       0%         N/A       54%         2
 Spider Form              Tmut/Pois      0%         N/A       77%         3
 Swiftness                Air            0%         N/A       77%         3
 Vampiric Draining        Necr           0%         2d6       77%         3
 Airstrike                Air            0%         N/A       99%         4
 Summon Lightning Spire   Summ/Air       0%         N/A       99%         4
 Lightning Bolt           Conj/Air       0%         1d11      100%        5
 Summon Forest            Summ/Tloc      0%         N/A       100%        5
 Summon Mana Viper        Hex/Summ       0%         N/A       100%        5
 Summon Cactus Giant      Summ           0%         N/A       100%        6
 Maxwell's Capacitive Co  Air            0%         ∞         100%        8


Dungeon Overview and Level Annotations

Branches:
Dungeon (12/15)            Temple (1/1) D:7            Lair (0/6) D:11
    Orc (0/2) D:11

Altars:
Ashenzari
Cheibriados
Dithmenos
Elyvilon
Fedhas
Gozag
Hepliaklqana
Kikubaaqudgha
Makhleb
Nemelex Xobeh
Okawaru
Qazlal
Ru
Sif Muna
Trog
Uskayaw
Vehumet
Wu Jian
Xom
Yredelemnul
Zin
The Shining One
Beogh

Shops:
D:8 !

Portals:
Ice
Cave: D:12


Innate Abilities, Weirdness & Mutations

Your dull iron-grey scales are very hard. (AC +12)
You are amphibious.
You cannot fit into any form of body armour.
You are cold-blooded and may be slowed by cold attacks.
You have supernaturally acute eyesight. (SInv)
You possess an exceptional clarity of mind.
Your body sometimes deteriorates upon taking damage.


Message History

You puncture the ice devil!
The ice devil is moderately wounded.
The ice devil hits you. The ice devil freezes you!
You feel yourself slow down. You block the ice devil's attack.
You block the ice devil's attack. The ice devil hits you!
The ice devil freezes you!
* * * LOW HITPOINT WARNING * * *
There is an open door, spattered with blood here.
You feel yourself speed up.
The ice devil hits you but does no damage.
There is a stone staircase leading up here.
Aiming: Mindburst
Press: ? - help, Shift-Dir - straight line, f - ice devil
Aim: an ice devil (almost dead, chance to affect: 16%)
The ice devil resists with almost no effort.
The ice devil barely misses you.
Aiming: Mindburst
Press: ? - help, Shift-Dir - straight line, f/p - ice devil
Aim: an ice devil (almost dead, chance to affect: 16%)
The ice devil resists with almost no effort.
The ice devil hits you!
* * * LOW HITPOINT WARNING * * *
The ice devil freezes you!
* * * LOW HITPOINT WARNING * * *
You block the ice devil's attack.
You feel much better. You block the ice devil's attack.
The ice devil hits you but does no damage.
Okay, then.
The ice devil closely misses you. The ice devil hits you!
* * * LOW HITPOINT WARNING * * *
The ice devil freezes you!
You feel yourself slow down.
* * * LOW HITPOINT WARNING * * *
The ice devil hits you but does no damage.
You feel much better.
You feel yourself speed up. The ice devil barely misses you.
The ice devil hits you.
* * * LOW HITPOINT WARNING * * *
The ice devil freezes you!!
You die...
Xom roars with laughter!

#. #. ### #. ..#
#. #.#
#.#######.#
#.#.<.....#
#.#4......#
#.@4......###
###.......'.#
#.......#......∩#
#######.+.##....#
##### ...# ###


You could see 2 ice devils.

Vanquished Creatures
  A boulder beetle (D:11)
  3 two-headed ogres
  Pikel (D:8)
  An ugly thing (D:9)
  A cyclops (D:9)
  2 komodo dragons
  An unseen horror (D:11)
  2 trolls
  A meliai zombie (D:11)
  A shadow (D:11)
  4 wyverns
  5 yaks (D:11)
  A basilisk (D:11)
  A steam dragon (D:7)
  2 vampire mosquitoes (D:11)
  3 water moccasins
  5 orc warriors
  A necrophage (D:8)
  3 ogres
  2 ice beasts
  3 black bears
  A hornet zombie (D:8)
  2 centaurs (D:10)
  A lemure (D:8)
  2 phantoms
  3 kobold brigands
  A scorpion (D:6)
  2 bullfrogs (D:9)
  7 gnoll sergeants
  3 wyvern zombies (D:8)
  A water moccasin skeleton (D:7)
  4 killer bees (D:7)
  8 wights
  2 howler monkeys
  10 centaur zombies
  A crimson imp (D:10)
  A human zombie (D:8)
  3 orc priests
  15 hounds
  3 gnoll shamans
  3 centaur skeletons (D:7)
  2 iguanas
  8 orc wizards
  A scorpion zombie (D:5)
  A killer bee zombie (D:8)
  A mummy (D:8)
  A howler monkey zombie (D:9)
  39 gnolls
  10 adders
  An ufetubus (D:5)
  4 dart slugs
  A worm (D:2)
  39 orcs
  7 ball pythons
  11 endoplasms
  4 giant cockroaches
  11 goblins
  6 hobgoblins
  18 jackals
  5 quokkas
  4 bats
  7 frilled lizards
  14 kobolds
  9 rats
321 creatures vanquished.

Vanquished Creatures (collateral kills)
  A two-headed ogre (D:10)
  An orc warrior (D:11)
  An orc priest (D:11)
3 creatures vanquished.

Vanquished Creatures (others)
  A swamp drake (D:11)
  A centaur (D:10)
  A kobold (D:8)
3 creatures vanquished.

Grand Total: 327 creatures vanquished

Notes
Turn   | Place    | Note
-------+----------+-------------------------------------------
     0 | D:1      | Lekart the Draconian Fighter began the quest for the Orb.
     0 | D:1      | Reached XP level 1. HP: 19/19 MP: 1/1
   339 | D:1      | Reached XP level 2. HP: 26/26 MP: 2/2
   842 | D:1      | Reached skill level 4 in Shields
  1130 | D:2      | Reached XP level 3. HP: 25/31 MP: 3/3
  1190 | D:2      | Found a broken altar of Ashenzari.
  1935 | D:2      | Reached XP level 4. HP: 37/38 MP: 4/4
  1995 | D:2      | Noticed an ogre
  2008 | D:2      | Killed an ogre
  2009 | D:2      | Reached skill level 5 in Shields
  2009 | D:2      | Reached XP level 5. HP: 25/45 MP: 5/5
  2226 | D:2      | Reached skill level 6 in Shields
  3541 | D:3      | Gained mutation: You tend to lose your temper in combat.
                  | [potion of mutation]
  3541 | D:3      | Gained mutation: You are covered in fur. (AC +1) [potion of
                  | mutation]
  3542 | D:3      | Lost mutation: You are covered in fur. (AC +1) [potion of
                  | mutation]
  3542 | D:3      | Lost mutation: You tend to lose your temper in combat.
                  | [potion of mutation]
  3542 | D:3      | Gained mutation: Your body sometimes deteriorates upon
                  | taking damage. [potion of mutation]
  3542 | D:3      | Gained mutation: You sometimes lose the ability to read
                  | scrolls when taking damage. [potion of mutation]
  3542 | D:3      | Gained mutation: You have supernaturally acute eyesight.
                  | (SInv) [potion of mutation]
  3897 | D:4      | Reached XP level 6. HP: 43/51 MP: 6/6
  4027 | D:4      | Reached skill level 7 in Shields
  4749 | D:5      | Entered Level 5 of the Dungeon
  5164 | D:5      | Reached skill level 8 in Shields
  5164 | D:5      | Your scales start taking on a dull iron-grey colour.
  5164 | D:5      | Reached XP level 7. HP: 45/57 MP: 7/7
  5497 | D:5      | Reached skill level 9 in Shields
  5854 | D:6      | Reached XP level 8. HP: 28/63 MP: 8/8
  6074 | D:6      | Reached skill level 10 in Shields
  6105 | D:6      | Found a broken altar of Ashenzari.
  6294 | D:6      | Lost mutation: You sometimes lose the ability to read
                  | scrolls when taking damage. [potion of mutation]
  6294 | D:6      | Lost mutation: Your body sometimes deteriorates upon taking
                  | damage. [potion of mutation]
  6294 | D:6      | Gained mutation: You are weak. (Str -2) [potion of
                  | mutation]
  6294 | D:6      | Gained mutation: Your system is resistant to poisons.
                  | (rPois) [potion of mutation]
  6306 | D:6      | Found a sacrificial altar of Ru.
  6421 | D:6      | Found an iron altar of Okawaru.
  6651 | D:7      | Found a staircase to the Ecumenical Temple.
  6678 | Temple   | Entered the Ecumenical Temple
  7076 | D:7      | Reached skill level 11 in Shields
  7077 | D:7      | Identified the amulet of Pantheism {Regen+ rCorr Str+5}
  7192 | D:7      | Reached skill level 12 in Shields
  7481 | D:7      | Reached XP level 9. HP: 70/70 MP: 9/9
  7658 | D:7      | Found a shadowy altar of Dithmenos.
  8559 | D:8      | Reached skill level 5 in Dodging
  8595 | D:8      | Reached XP level 10. HP: 68/80 MP: 10/10
  8624 | D:8      | Found Rozatucs's Distillery.
  8628 | D:8      | Found a stormy altar of Qazlal.
  8630 | D:8      | Bought a potion of mutation for 88 gold pieces
  8630 | D:8      | Bought a potion of heal wounds for 55 gold pieces
  8630 | D:8      | Lost mutation: You are weak. (Str -2) [potion of mutation]
  8630 | D:8      | Lost mutation: Your system is resistant to poisons. (rPois)
                  | [potion of mutation]
  8630 | D:8      | Gained mutation: Your body sometimes deteriorates upon
                  | taking damage. [potion of mutation]
  8630 | D:8      | Gained mutation: You possess an exceptional clarity of
                  | mind. [potion of mutation]
  8754 | D:8      | Reached skill level 5 in Fighting
  8948 | D:8      | Found a shimmering altar of Xom.
  9026 | D:8      | Became a worshipper of Xom of Chaos
  9230 | D:8      | Reached skill level 13 in Shields
  9318 | D:8      | XOM: noise
  9322 | D:8      | Found a basalt altar of Yredelemnul.
  9405 | D:9      | XOM: repel stairs
  9496 | D:9      | Noticed Pikel
  9536 | D:8      | XOM: divination: magic mapping
  9556 | D:8      | Killed Pikel
  9632 | D:9      | XOM: blink monster(s)
  9653 | D:9      | Found an ornate altar of the Wu Jian Council.
  9688 | D:9      | XOM: stat loss: -1 Int (8/9)
  9690 | D:9      | Found a shimmering blue altar of Sif Muna.
  9708 | D:9      | XOM: blink monster(s)
  9721 | D:9      | XOM: scenery: summon butterflies
  9723 | D:9      | XOM: enchant monster (bad)
  9784 | D:9      | Noticed a cyclops
  9790 | D:9      | Killed a cyclops
  9901 | D:9      | XOM: god gift: war axe {god gift}
 10029 | D:9      | Found a sparkling altar of Nemelex Xobeh.
 10174 | D:10     | Entered Level 10 of the Dungeon
 10250 | D:10     | Noticed a two-headed ogre
 10261 | D:10     | Killed a two-headed ogre
 10262 | D:10     | Reached XP level 11. HP: 27/91 MP: 11/11
 10360 | D:10     | XOM: 2-stop teleportation journey
 10386 | D:10     | Noticed a two-headed ogre
 10389 | D:10     | XOM: cast spell 'Discord'
 10401 | D:10     | Killed a two-headed ogre
 10434 | D:10     | Noticed a green ugly thing
 10457 | D:9      | Killed a green ugly thing
 10530 | D:10     | Found a glowing silver altar of Zin.
 10765 | D:10     | Found a radiant altar of Vehumet.
 10765 | D:10     | Found a burning altar of Makhleb.
 10817 | D:11     | Noticed a boulder beetle
 10819 | D:11     | XOM: cast spell 'Leda's Liquefaction'
 10824 | D:11     | Noticed a two-headed ogre
 10830 | D:11     | Noticed a two-headed ogre
 10838 | D:11     | Killed a two-headed ogre
 10847 | D:11     | Killed a two-headed ogre
 10848 | D:11     | Reached skill level 14 in Shields
 10870 | D:11     | Killed a boulder beetle
 10968 | D:11     | XOM: cast spell 'Call Canine Familiar'
 10979 | D:11     | XOM: potion effect (berserk rage)
 11197 | D:11     | XOM: scenery: summon butterflies
 11246 | D:11     | XOM is BORED!
 11246 | D:11     | XOM: summons 4 hostile demons
 11491 | D:11     | Found a staircase to the Lair.
 11491 | D:11     | XOM: summons 4 friendly demons
 11634 | D:11     | Found a staircase to the Orcish Mines.
 11897 | D:12     | Found a frozen archway.
 11908 | D:12     | XOM: noise
 11925 | D:12     | HP: 2/95 [ice devil (12)]
 11927 | D:12     | Slain by an ice devil

Illustrated notes

Levels and vault maps discovered:
D:1:      mrwooster_arrival_statue_2, layout_basic,
          chequers_serial_rivers_micro_e
D:2:      minmay_chambers_of_twos, layout_basic, basic_altar
D:3:      layout_basic, hex_medium, minmay_puff
D:4:      layout_basic
D:5:      layout_rooms
D:6:      layout_loops_cross, marbit_many_paths, nicolae_ru_path_of_blood,
          ashenzari_altar_1
D:7:      layout_loops_cross, kennysheep_mini, minmay_temple_entry_large_hall,
          hangedman_decor_points
D:8:      layout_cave_pools, lemuel_coloured_pillars_altar, grunt_qazlal_clouds,
          lemuel_mausoleum_altar_yredelemnul, serial_gnoll_camp,
          gnoll_camp_mini_doghouse, gnoll_camp_mini_house, gnoll_camp_medium_01,
          gnoll_camp_mini_hut, gnoll_camp_mini_loothouse, gnoll_camp_huts_basic,
          serial_shops, shop_fountains, st_stairs_7
D:9:      layout_cave_pools, lemuel_doored_altar,
          mainiacjoe_overflow_surrounded_room, mainiacjoe_overflow_paths,
          uniq_pikel
D:10:     layout_rooms, grunt_temple_overflow_lords_of_destruction,
          lemuel_tele_altar
D:11:     layout_roguey, erik_lair_dragon, minmay_orc_entry_temple_small
D:12:     layout_rooms, portal_ice_cave_demonic_guard,
          kennysheep_decorative_pillar
Temple:   grunt_temple_mini_profane

Skill      XL: |  1  2  3  4  5  6  7  8  9 10 11 |
---------------+----------------------------------+-----
Shields        | 4 5 6 8 9 12 13 14 | 14.5
Dodging        | 5 7 9 |  9.1
Long Blades    | 4 |  4.9
Fighting       | 4 6 8 |  8.7

Action                   |  1- 3 |  4- 6 |  7- 9 | 10-12 || total
-------------------------+-------+-------+-------+-------++-------
Melee: Long sword        |   112 |   233 |   274 |       ||   619
       Tailslap          |     4 |    23 |    43 |    75 ||   145
       Trident           |       |       |   114 |   553 ||   667
Throw: Throwing net      |       |       |     1 |       ||     1
Evoke: Wand              |       |       |     3 |    44 ||    47
       Phantom mirror    |       |       |       |     1 ||     1
  Use: Scroll            |     1 |     9 |     5 |     3 ||    18
       Potion            |       |     9 |     1 |     5 ||    15
 Stab: Petrified         |       |       |     3 |       ||     3
       Confused          |       |       |     1 |       ||     1
       Sleeping          |       |       |       |     1 ||     1
       Paralysed         |       |       |       |     7 ||     7
Armor: Skin              |    38 |    86 |   266 |   232 ||   622
Dodge: Dodged            |    66 |   149 |   351 |   443 ||  1009
Block: Buckler           |    26 |    59 |   215 |   189 ||   489
       Kite shield       |       |       |       |   146 ||   146

Table legend: (Time is in decaauts)
 A = Elapsed time spent in this place.
 B = Non-inter-level travel time spent in this place.
 C = Inter-level travel time spent in this place.
 D = Time resting spent in this place.
 E = Time spent auto-exploring this place.
 F = Levels seen in this place.
 G = Mean time per level.
                   A        B        C        D        E       F      G
               +--------+--------+--------+--------+--------+-----+--------+
         Total |  12348 |  11955 |    393 |   1314 |   7289 |  13 |  949.8 |
       Dungeon |  12092 |  11720 |    372 |   1314 |   7116 |  12 | 1007.7 |
        Temple |    256 |    235 |     21 |      0 |    173 |   1 |  256.0 |
               +--------+--------+--------+--------+--------+-----+--------+

Top non-repeatable levels by time:
     D:8: 1537 daAuts
     D:2: 1483 daAuts
     D:7: 1216 daAuts
    D:11: 1162 daAuts
     D:3: 1143 daAuts
     D:4: 1131 daAuts
     D:6: 1111 daAuts
     D:1: 1076 daAuts
     D:5: 802 daAuts
     D:9: 786 daAuts
    D:10: 591 daAuts
  Temple: 256 daAuts
    D:12: 47 daAuts
